 Dungeon Crawl Stone Soup version 0.17-a0-1636-g3119f2b (webtiles) character file.

337 urechis the Cudgeler (level 6, -1/40 HPs)
             Began as a Gargoyle Fighter on Aug 6, 2015.
             Killed from afar by Dowan (11 damage)
             ... with a shard of ice
             ... on level 3 of the Dungeon.
             The game lasted 00:04:40 (3055 turns).

urechis the Cudgeler (Gargoyle Fighter)             Turns: 3055, Time: 00:04:40

Health: -1/40      AC: 18    Str: 21    XL:     6   Next: 54%
Magic:  6/6        EV:  5    Int:  8    God:
Gold:   169        SH:  9    Dex: 10    Spells: 0 memorised, 5 levels left

rFire  + . .     SeeInvis .     a - +0 flail
rCold  + . .     Clarity  .     s - +0 gold dragon armour (curse)
rNeg   + . .     SustAt   .     c - +0 shield
rPois  ∞         Gourm    .     (no helmet)
rElec  +         Spirit   .     (no cloak)
rCorr  .         Warding  .     (no gloves)
rMut   .         Stasis   .     (no boots)
MR     .....                    x - amulet of rage
Stlth  ..........               t - +5 ring of evasion
                                (no ring)

@: not resistant to hostile enchantments, extremely unstealthy
A: negative energy resistance 1, electricity resistance, unbreathing,
petrification resistance, rot immunity, AC +4
a: Evoke Berserk Rage


You were on level 3 of the Dungeon.
You were not hungry.

You visited 1 branch of the dungeon, and saw 4 of its levels.

You collected 169 gold pieces.

Inventory:

Hand weapons
 a - a +0 flail (weapon)
Armour
 c - a +0 shield (worn)
 s - a cursed +0 gold dragon armour (worn)
Jewellery
 t - a +5 ring of evasion (right hand)
 x - an amulet of rage (around neck)
Magical devices
 b - a wand of random effects (35)
 q - a wand of disintegration (13)
Scrolls
 f - 5 scrolls of remove curse {unknown}
 g - 6 scrolls of identify {unknown}
 j - a scroll of enchant armour {unknown}
 k - 2 scrolls of enchant weapon {unknown}
 l - 3 scrolls of fog {unknown}
 o - a scroll of blinking {unknown}
 u - a scroll of immolation {unknown}
 w - a scroll of amnesia {unknown}
Potions
 d - a potion of might
 h - a potion of magic {unknown}
 i - a potion of brilliance {unknown}
 m - a potion of haste {unknown}
Books
 r - a book of Flames

   Spells                             Type                      Level
   a - Flame Tongue                   Conjuration/Fire             1
   b - Throw Flame                    Conjuration/Fire             2
   c - Conjure Flame                  Conjuration/Fire             3
   d - Inner Flame                    Hexes/Fire                   3
   e - Sticky Flame                   Conjuration/Fire             4
   f - Fireball                       Conjuration/Fire             5
Comestibles
 e - 4 bread rations
 n - 2 fruits
 p - a meat ration
 v - a slice of pizza
 z - 4 chunks of flesh


   Skills:
 + Level 5.2 Fighting
 * Level 5.5 Maces & Flails
 - Level 3.2 Armour
 - Level 3.2 Shields


You had 5 spell levels left.
You didn't know any spells.

Dungeon Overview and Level Annotations

Branches:
Dungeon (4/15)
 Temple: D:4-7

Altars:
Fedhas
Sif Muna

Annotations:
D:3 Dowan


Innate Abilities, Weirdness & Mutations

You are resistant to torment.
Your stone body is resilient (AC +4).
You are immune to poison.
You resist negative energy.
You are resistant to electric shocks.
You can survive without breathing.
You are immune to petrification.
You are immune to rotting.


Message History

Dowan hits you but does no damage.
Dowan says, "How can I live without her?"
Dowan points at you and mumbles some strange words.
The stone arrow hits you!
You closely miss Dowan.
Dowan is severely wounded.
You block Dowan's attack. Dowan casts a spell at you.
The shard of ice hits you! You partially resist.
* * * LOW HITPOINT WARNING * * *
You are too injured to fight recklessly!
You are too injured to fight recklessly!
You closely miss Dowan.
Dowan is severely wounded.
Dowan hits you but does no damage. x2
You closely miss Dowan.
Dowan is severely wounded.
Dowan points at you and mumbles some strange words.
The shard of ice hits you! You partially resist.
You die...

..###...........<###### #.###
#..##.#####......# #....
##########.....#.# #####
.........##.####.##### #.
.........##.####.#...# #.
.........##......#...# #.
#####....#########...###########.
..#......#.......†..>))..........
..#......#.....e@.###############
#######..'.##.#.#.####
..#.....)#......§....#
..#......#.##.#.#.##.#
#####....#......#(##.#
.........#.##.#.#..(.#
.........#..(...######
.........#.##)...#
##########.##....#


You could see Dowan.

Vanquished Creatures
  Duvessa (D:3)
  2 orc wizards (D:3)
  5 adders
  3 gnolls (D:3)
  3 oozes (D:2)
  A worm (D:2)
  5 giant geckos
  12 orcs (D:3)
  6 bats
  6 giant cockroaches
  7 goblins
  8 hobgoblins
  11 kobolds
  A quokka (D:2)
  A giant newt (D:1)
  4 jackals (D:2)
  10 rats
86 creatures vanquished.

Vanquished Creatures (others)
  An adder (D:4)
  An orc (D:4)
2 creatures vanquished.

Grand Total: 88 creatures vanquished

Notes
Turn   | Place    | Note
--------------------------------------------------------------
     0 | D:1      | urechis the Gargoyle Fighter began the quest for the Orb.
     0 | D:1      | Reached XP level 1. HP: 14/14 MP: 1/1
    81 | D:1      | Reached XP level 2. HP: 14/19 MP: 2/2
   823 | D:2      | Reached XP level 3. HP: 21/24 MP: 3/3
   847 | D:2      | Reached skill level 4 in Fighting
  1072 | D:2      | Reached XP level 4. HP: 22/29 MP: 4/4
  1245 | D:2      | Found a blossoming altar of Fedhas.
  1895 | D:3      | Reached XP level 5. HP: 34/34 MP: 5/5
  2165 | D:3      | Found a deep blue altar of Sif Muna.
  2765 | D:4      | Noticed Dowan
  2767 | D:4      | Noticed Duvessa
  2812 | D:3      | Reached skill level 5 in Maces & Flails
  2812 | D:3      | Reached XP level 6. HP: 38/40 MP: 6/6
  2969 | D:3      | Killed Duvessa
  2969 | D:3      | Reached skill level 5 in Fighting
  3055 | D:3      | Killed from afar by Dowan

Vault maps used:
D:1:      dpeg_arrival_rooms_b, minmay_quantized
D:2:      old_standard_altar
D:3:      nicolae_overflow_crystal_walls, kennysheep_generic_room_16
D:4:      trog_eyes_of_draining, yredelemnul_altar_generic, xom_confusion_cloud,
          minitemple, first_bread, ashenzari_altar_1, uniq_sigmund, uniq_robin,
          uniq_duvessa

Action                   |  1- 3 |  4- 6 || total
-------------------------+-------+-------++-------
Melee: Flail             |   140 |   311 ||   451
  Eat: Chunk             |       |     7 ||     7
       Fruit             |       |     1 ||     1
